 Dungeon Crawl Stone Soup version 0.21.1-1-g345015f (webtiles) character file.

73 inc the Digger (level 4, 0/27 HPs)
             Began as an Octopode Earth Elementalist on June 11, 2018.
             Killed from afar by an orc wizard (10 damage)
             ... with a puff of flame
             ... on level 3 of the Dungeon.
             The game lasted 00:01:34 (1839 turns).

inc the Digger (Octopode Earth Elementalist)        Turns: 1839, Time: 00:01:35

Health: 0/27       AC:  1    Str:  7    XL:     4   Next: 27%
Magic:  5/7        EV: 13    Int: 18    God:
Gold:   133        SH:  0    Dex: 12    Spells: 6/7 levels left

rFire    . . .     SeeInvis .   g - +1 whip (elec)
rCold    . . .     Gourm    .   (no shield)
rNeg     . . .     Faith    .   (helmet restricted)
rPois    .         Spirit   .   (no amulet)
rElec    .         Reflect  .   (no ring)
rCorr    .         Harm     .   (no ring)
MR       .....                  (no ring)
Stlth    ++++......             (no ring)
HPRegen  0.09/turn              (no ring)
MPRegen  0.10/turn              (no ring)
                                (no ring)
                                (no ring)

@: lethally poisoned (0 -> -9)
A: almost no armour, stealthy swim, amphibious, 8 rings, constrict 8, camouflage
1, gelatinous body 1
a: no special abilities


You were on level 3 of the Dungeon.
You were not hungry.

You visited 1 branch of the dungeon, and saw 3 of its levels.

You collected 133 gold pieces.

Inventory:

Hand Weapons
 g - a +1 whip of electrocution (weapon)
Missiles
 b - 50 stones (quivered)
Wands
 i - a wand of polymorph (10)
Scrolls
 e - 2 scrolls of identify {unknown}
 f - a scroll of amnesia {unknown}
 h - 2 scrolls of teleportation {unknown}
 j - a scroll of fog {unknown}
 k - a scroll of magic mapping {unknown}
 m - a scroll of fear {unknown}
 n - a scroll of random uselessness {unknown}
Potions
 a - 3 potions of lignification {unknown}
 l - a potion of invisibility {unknown}
Books
 d - a book of Geomancy

   Spells                             Type                      Level
   a - Sandblast                      Earth                        1
   b - Passwall                       Transmutation/Earth          2
   c - Stone Arrow                    Conjuration/Earth            3
   d - Petrify                        Transmutation/Earth          4
   e - Lee's Rapid Deconstruction     Earth                        5
Comestibles
 c - 4 rations
 o - 2 chunks of flesh


   Skills:
 - Level 2.0 Dodging
 - Level 2.6 Stealth
 - Level 2.0 Spellcasting
   Level 1.0 Transmutations
 + Level 5.0 Earth Magic


You had 6 spell levels left.
You knew the following spells:

 Your Spells              Type           Power        Failure   Level  Hunger
a - Sandblast             Erth           ###...       2%          1    #......


Dungeon Overview and Level Annotations

Branches:
Dungeon (3/15)

Altars:


Innate Abilities, Weirdness & Mutations

You cannot wear most types of armour.
You are very stealthy in the water. (Stealth+)
You are amphibious.
You can wear up to eight rings at the same time.
You can use your tentacles to constrict eight enemies at once.
Your skin changes colour to match your surroundings (Stealth+).
Your rubbery body absorbs attacks. (AC +1, EV +1)


Message History

The blast of sand hits the scorpion.
The scorpion is heavily wounded.
b - 51 stones You constrict the scorpion.
You feel sick.
The scorpion stings you but does no damage.
Something hits you.
Casting: Sandblast
Confirm with . or Enter, or press ? or * to list all spells.
Aiming: Sandblast
Press: ? - help, Shift-Dir - straight line, f/p - scorpion
Aim: a scorpion (severely wounded, constricted by you)
The blast of sand hits the scorpion.
The scorpion is severely wounded.
b - 50 stones You constrict the scorpion, but do no damage.
You feel sick. The scorpion stings you.
You hear some strange, mumbled words.
A puff of flame appears from out of thin air!
The puff of flame hits you!
You die...

♣P≈P≈≈≈ ≈≈≈P♣♣ ##†..#.
♣≈≈≈≈≈≈≈≈≈≈≈≈ ##.##.##
♣♣≈≈♣≈≈≈≈≈≈≈≈♣#
#.###.##
#≈≈≈≈≈≈≈≈≈≈♣≈≈#
#....... ♣≈≈≈≈P≈≈≈≈≈≈♣#
#.###.## ♣♣≈≈≈P≈♣P≈≈P≈
#..##.##
♣PP≈≈≈≈≈P≈♣♣####.#.#...
#≈P≈≈≈P{≈≈♣≈..........#
#≈♣≈≈P@P≈♣♣≈.....÷...##
♣♣♣≈s≈P≈##.###.#####
♣≈≈♣P.##.# #.#
.###♣P♣..##.# #.######
........###.###.......
.######....#....######
#####.###.######
#...........
#####.######


You could see a scorpion.

Vanquished Creatures
  A gnoll (D:1)
  2 adders
  A dart slug (D:1)
  2 leopard geckos (D:2)
  2 orcs (D:3)
  7 bats
  3 giant cockroaches
  4 goblins
  2 hobgoblins (D:2)
  6 jackals
  A frilled lizard (D:2)
  3 kobolds
  4 rats
38 creatures vanquished.

Vanquished Creatures (others)
  4 toadstools (D:1)
4 creatures vanquished.

Grand Total: 42 creatures vanquished

Notes
Turn   | Place    | Note
-------+----------+-------------------------------------------
     0 | D:1      | inc the Octopode Earth Elementalist began the quest for the Orb.
     0 | D:1      | Reached XP level 1. HP: 11/11 MP: 3/3
   237 | D:1      | Reached XP level 2. HP: 17/17 MP: 0/5
   834 | D:2      | Reached skill level 4 in Earth Magic
   924 | D:2      | Reached XP level 3. HP: 21/21 MP: 4/6
  1586 | D:3      | Reached XP level 4. HP: 27/27 MP: 4/7
  1781 | D:3      | Reached skill level 5 in Earth Magic
  1839 | D:3      | Killed from afar by an orc wizard

Skill      XL: |  1  2  3  4 |
---------------+-------------+-----
Earth Magic    | 4 5 |  5.0
Dodging        | |  2.0
Stealth        | |  2.6
Spellcasting   | |  2.0
Transmutations | |  1.0

Action                   |  1- 3 |  4- 6 || total
-------------------------+-------+-------++-------
Melee: Unarmed           |    13 |       ||    13
       Constrict         |    12 |     5 ||    17
       Tentacles         |     5 |     3 ||     8
       Whip              |    31 |    20 ||    51
 Cast: Sandblast         |    12 |     3 ||    15
 Stab: Sleeping          |     6 |       ||     6
  Eat: Chunk             |     2 |     1 ||     3
Armor: Skin              |     6 |     2 ||     8
Dodge: Dodged            |    46 |    16 ||    62
